 Dungeon Crawl Stone Soup version 0.31-a0-986-g5e6e4ef867 (webtiles) character file.

Game seed: 13877101228731770690

12 wildpjah the Poker (level 2, -1/23 HPs)
             Began as a Merfolk Warper on Nov 18, 2023.
             Slain by an adder (3 damage)
             ... on level 1 of the Dungeon.
             The game lasted 00:00:36 (543 turns).

wildpjah the Poker (Merfolk Warper)                  Turns: 543, Time: 00:00:36

Health: -1/23      AC:  3    Str: 11    XL:     2   Next: 33%
Magic:  5/5        EV: 12    Int: 12    God:
Gold:   49         SH:  0    Dex: 13    Spells: 5/5 levels left

rFire   . . .        a - +0 spear
rCold   . . .        (no shield)
rNeg    . . .        b - +0 leather armour
rPois   .            (no helmet)
rElec   .            (no cloak)
rCorr   .            (no gloves)
SInv    .            (no boots)
Will    .....        (no amulet)
Stlth   +            (no ring)
HPRegen 0.23/turn    (no ring)
MPRegen 0.09/turn

%: no passive effects
@: no status effects
A: (nimble swimmer 2), mertail
a: no special abilities


You were on level 1 of the Dungeon.
You visited 1 branch of the dungeon, and saw 2 of its levels.

You collected 49 gold pieces.

Inventory:

Hand Weapons
 a - a +0 spear (weapon)
Missiles
 d - 7 darts of dispersal (quivered)
Armour
 b - a +0 leather armour (worn)
Scrolls
 c - a scroll of blinking
 f - a scroll of amnesia {unknown}
 g - a scroll of enchant armour {unknown}
Potions
 e - a potion of attraction {unknown}


   Skills:
 + Level 2.4 Fighting
 + Level 3.0 Polearms
 + Level 1.0 Throwing
 + Level 0.8 Armour
 + Level 2.8 Dodging
 + Level 2.1 Spellcasting
 + Level 2.5 Translocations


You had 5 spell levels left.
You didn't know any spells.
Your spell library contained the following spells:

 Spells                   Type           Power      Damage    Failure   Level
 Blink                    Tloc           14%        N/A       19%         2
 Lesser Beckoning         Tloc           14%        N/A       19%         2
 Teleport Other           Tloc           7%         N/A       36%         3
 Dazzling Flash           Conj/Hex       2%         N/A       71%         3
 Manifold Assault         Tloc           7%         N/A       77%         4
 Vhi's Electric Charge    Tloc/Air       8%         N/A       91%         4
 Agony                    Necr           1%         N/A       100%        5
 Silence                  Hex/Air        0%         N/A       100%        5


Dungeon Overview and Level Annotations

Branches:
Dungeon (2/15)

Altars:


Innate Abilities, Weirdness & Mutations

((You are very nimble when in or above water. (Stealth+, EV+, Speed+++)))
Your lower body shifts to a powerful aquatic tail in water.


Message History

The bat misses you. The adder bites you.
You are poisoned.
The adder poisons you!
You hit the adder.
The adder is heavily wounded.
You feel sick. The bat hits you but does no damage.
The adder bites you but does no damage.
The kobold throws a stone.
The stone barely misses you.
The stone misses the bat.
You hit the adder.
The adder is severely wounded.
You feel sick. The bat completely misses you. The adder closely misses you.
The adder bites you but does no damage.
You miss the adder.
The adder is severely wounded.
You feel sick. The bat hits you but does no damage.
The kobold barely misses you. The adder barely misses you.
You hit the adder.
The adder is almost dead.
You feel sick.
The bat misses you. x2; The kobold hits you with a +0 dagger.
The adder bites you.
You are too injured to fight recklessly!
You are too injured to fight recklessly!
You are too injured to fight recklessly!
You are too injured to fight recklessly!
You are too injured to fight recklessly!
You are too injured to fight recklessly!
You are too injured to fight recklessly!
You are too injured to fight recklessly!
You feel sick. The bat hits you. The kobold hits you but does no damage.
There is a stone staircase leading up here.
You feel sick. The adder bites you. The bat hits you but does no damage.
The kobold barely misses you. The adder bites you.
* * * LOW HITPOINT WARNING * * *
You climb upwards.
You feel sick.
You are no longer poisoned.
There is a stone staircase leading down here.
You closely miss the adder.
The adder is almost dead.
The kobold closely misses you. The adder bites you.
You die...

#.........# #....# #.........#
#....# #.........## #....####
#..........# #..>....#####
#..........###.....#.....##
########.#..##......####...
#.##.##....#.....###
#......#########.#
###@S......#####.###
#.K)..............
##........#####.###
##........##.....#
##....÷.....#.....#
#.................#
#.................###
##########......÷.............
#..........................###


You could see an adder and a kobold.

Vanquished Creatures
  2 ball pythons (D:1)
  An endoplasm (D:1)
  A goblin (D:1)
  A quokka (D:1)
  3 bats (D:1)
  A frilled lizard (D:1)
  3 kobolds (D:1)
12 creatures vanquished.

Notes
Turn   | Place    | Note
-------+----------+-------------------------------------------
     0 | D:1      | wildpjah the Merfolk Warper began the quest for the Orb.
     0 | D:1      | Reached XP level 1. HP: 16/16 MP: 3/3
   222 | D:1      | Reached XP level 2. HP: 23/23 MP: 5/5
   375 | D:1      | Reached skill level 3 in Polearms
   543 | D:1      | Slain by an adder

Illustrated notes

Levels and vault maps discovered:
D:1:      minmay_arrival_doors, layout_rooms, minmay_splitting_lines
D:2:      layout_basic

Skill      XL: |  1  2 |
---------------+-------+-----
Polearms       | 3 |  3.0
Fighting       | |  2.4
Throwing       | |  1.0
Armour         | |  0.8
Dodging        | |  2.8
Spellcasting   | |  2.1
Translocations | |  2.5

Action                     || total
---------------------------++-------
  Melee: Spear             ||    56
 Armour: Leather armour    ||    37
  Dodge: Dodged            ||    37

Table legend: (Time is in decaauts)
 A = Elapsed time spent in this place.
 B = Non-inter-level travel time spent in this place.
 C = Inter-level travel time spent in this place.
 D = Time resting spent in this place.
 E = Time spent auto-exploring this place.
 F = Levels seen in this place.
 G = Mean time per level.
                   A        B        C        D        E       F      G
               +--------+--------+--------+--------+--------+-----+--------+
         Total |    540 |    521 |     19 |      0 |    429 |   2 |  270.0 |
       Dungeon |    540 |    521 |     19 |      0 |    429 |   2 |  270.0 |
               +--------+--------+--------+--------+--------+-----+--------+

Top non-repeatable levels by time:
     D:1: 528 daAuts
     D:2: 12 daAuts
